[Event "ICC tourney 2093 (45 10)"]
[Site "Internet Chess Club"]
[Date "2020.10.31"]
[Round "2"]
[White "TjkTiger"]
[Black "e4f5"]
[Result "1-0"]
[ICCResult "Black resigns"]
[WhiteElo "2603"]
[BlackElo "2213"]
[Opening "King's Indian: fianchetto, Simagin variation"]
[ECO "E62"]
[NIC "KI.72"]
[Time "13:33:36"]
[TimeControl "2700+10"]

1. c4 Nf6 2. Nc3 g6 3. g3 Bg7 4. Bg2 O-O 5. d4 d6 6. Nf3 Nc6 7. O-O Bg4 8.
d5 Na5 9. b3 c5 10. Bd2 a6 11. h3 Bd7 12. e4 e5 13. dxe6 Bxe6 14. Qe1 Nc6
15. Rd1 Nd7 16. Bf4 Nde5 17. Nxe5 Nxe5 18. Bxe5 Bxe5 19. f4 Bd4+ 20. Kh2 b5
21. cxb5 axb5 22. Nxb5 Rxa2 23. Nxd4 cxd4 24. Rxd4 Qc8 25. Rf2 Qc5 26. Rxa2
Qxd4 27. Rd2 Qb4 28. Qe3 Qxb3 29. Qxb3 Bxb3 30. Rxd6 Rc8 31. g4 Re8 32. Kg3
Bc2 33. e5 g5 34. Bd5 gxf4+ 35. Kxf4 Re7 36. h4 Kg7 37. g5 Bd1 38. Be4 Bh5
39. Bxh7 Rb7 40. Be4 Rb4 41. Ke3 Rb5 42. Bd5 Rb4 43. Rh6 Rxh4 44. Bf3 Bxf3
45. Rxh4 Bd1 46. Rh6 Bc2 47. Rf6 Bb1 48. Kd4 Bc2 49. Kc5 Bb1 50. Kd6 Bc2 51.
Ke7 Bb3 52. g6 fxg6 53. Rf3 {Black resigns} 1-0

[Event "ICC tourney 2093 (45 10)"]
[Site "Internet Chess Club"]
[Date "2020.10.31"]
[Round "2"]
[White "GGuseinov"]
[Black "marble"]
[Result "1-0"]
[ICCResult "Black resigns"]
[WhiteElo "2721"]
[BlackElo "2511"]
[Opening "Ruy Lopez: exchange variation, 5.O-O"]
[ECO "C68"]
[NIC "RL.08"]
[Time "13:32:47"]
[TimeControl "2700+10"]

1. e4 e5 2. Nf3 Nc6 3. Bb5 a6 4. Bxc6 dxc6 5. O-O Qf6 6. d4 exd4 7. Bg5 Qd6
8. Nxd4 Be7 9. Bxe7 Nxe7 10. Nc3 O-O 11. Nde2 Be6 12. Qxd6 cxd6 13. Rfd1 Nc8
14. Nd4 Re8 15. f3 h5 16. Kf2 g6 17. Nce2 Kg7 18. Nf4 Bd7 19. c4 a5 20. c5
dxc5 21. Nb3 Nb6 22. Nxc5 Bc8 23. Rd4 h4 24. g4 hxg3+ 25. hxg3 Re5 26. Rc1
Re7 27. Rd8 Nd7 28. Nxd7 Rxd7 29. Re8 Rd2+ 30. Ke3 Rxb2 31. Rh1 Rxa2 32.
Rhh8 Ra3+ 33. Kf2 Ra2+ 34. Ke1 b5 35. Reg8+ Kf6 36. Rxc8 Rxc8 37. Rxc8 Ke5
38. Rxc6 b4 39. Ne2 a4 40. Kf2 a3 41. Ke3 Rxe2+ 42. Kxe2 Kd4 43. Kd2 b3 44.
Kc1 Kd3 45. Ra6 a2 46. Kb2 Ke3 47. Rf6 {Black resigns} 1-0

[Event "ICC tourney 2093 (45 10)"]
[Site "Internet Chess Club"]
[Date "2020.10.31"]
[Round "2"]
[White "Aleksandrov73"]
[Black "Frolik67"]
[Result "1/2-1/2"]
[ICCResult "Game drawn by repetition"]
[WhiteElo "2656"]
[BlackElo "2339"]
[Opening "QGD: 3.Nc3"]
[ECO "D31"]
[NIC "QO.17"]
[Time "13:32:44"]
[TimeControl "2700+10"]

1. d4 e6 2. c4 d5 3. Nc3 f5 4. Bf4 Nf6 5. e3 c6 6. Bd3 Bd6 7. Nge2 O-O 8.
Qc2 Nh5 9. Bxd6 Qxd6 10. O-O Na6 11. a3 Bd7 12. b4 Nc7 13. Rab1 Rf6 14. a4
Rh6 15. f3 dxc4 16. Bxc4 Nd5 17. Nxd5 exd5 18. Bd3 Re8 19. Bxf5 Bxf5 20.
Qxf5 Rxe3 21. Rf2 Qe7 22. Qc8+ Kf7 23. Qf5+ Kg8 24. Rb2 g5 25. b5 Rhe6 26.
bxc6 bxc6 27. g4 Rxe2 28. Rfxe2 Rxe2 29. Qc8+ Kg7 30. Rb7 Re1+ 31. Kf2 Re2+
32. Kf1 Re1+ 33. Kf2 Re2+ 34. Kf1 Re1+ 35. Kf2 Re2+ {Game drawn by
repetition} 1/2-1/2

[Event "ICC tourney 2093 (45 10)"]
[Site "Internet Chess Club"]
[Date "2020.10.31"]
[Round "2"]
[White "GeorgeDai"]
[Black "icyblizzard"]
[Result "1-0"]
[ICCResult "Black checkmated"]
[WhiteElo "2021"]
[BlackElo "2045"]
[Opening "Queen's pawn game"]
[ECO "A46"]
[NIC "QP.06"]
[Time "13:33:09"]
[TimeControl "2700+10"]

1. d4 Nf6 2. Nf3 d6 3. c4 Nbd7 4. Nc3 c5 5. d5 e6 6. e4 exd5 7. cxd5 g6 8.
Bd3 Bg7 9. O-O O-O 10. Bf4 Qe7 11. h3 a6 12. a4 b6 13. Nd2 Nh5 14. Bh2 Ne5
15. Bxe5 Bxe5 16. Nc4 Nf4 17. Qf3 Qh4 18. Rfd1 f5 19. Nxe5 fxe4 20. Qg3 Qxg3
21. fxg3 Nxd3 22. Nc4 Rb8 23. Nxe4 b5 24. axb5 axb5 25. Ncxd6 c4 26. b3 Ne5
27. bxc4 bxc4 28. g4 Rd8 29. Ra7 Nd3 30. Nf6+ Kf8 31. Rf7# {Black
checkmated} 1-0

[Event "ICC tourney 2093 (45 10)"]
[Site "Internet Chess Club"]
[Date "2020.10.31"]
[Round "2"]
[White "RogerZ"]
[Black "needGodcom"]
[Result "1/2-1/2"]
[ICCResult "Game drawn by repetition"]
[WhiteElo "1957"]
[BlackElo "2042"]
[Opening "French: Winawer, advance, 6...Ne7"]
[ECO "C18"]
[NIC "FR.11"]
[Time "13:32:42"]
[TimeControl "2700+10"]

1. e4 e6 2. d4 d5 3. Nc3 Bb4 4. e5 c5 5. a3 Bxc3+ 6. bxc3 Ne7 7. h4 Qc7 8.
Nf3 cxd4 9. cxd4 b6 10. h5 h6 11. Bd2 Ba6 12. Bxa6 Nxa6 13. c3 Qc4 14. Qe2
Nc7 15. Qxc4 dxc4 16. Be3 Ned5 17. Nd2 b5 18. Ne4 f5 19. exf6 gxf6 20. Bd2
f5 21. Nc5 Ke7 22. O-O Kd6 23. Rfe1 a5 24. Rac1 a4 25. Kh2 Rag8 26. g3 Rg4
27. f3 Rg7 28. Re2 Rhg8 29. Rg1 Rf7 30. Rge1 Re8 31. Nb7+ Kc6 32. Nc5 Kd6
33. Nb7+ Kc6 34. Nc5 Kd6 35. Nb7+ Kc6 36. Nc5 Kd6 {Game drawn by repetition}
1/2-1/2

[Event "ICC tourney 2093 (45 10)"]
[Site "Internet Chess Club"]
[Date "2020.10.31"]
[Round "2"]
[White "njspyx"]
[Black "drberkley"]
[Result "0-1"]
[ICCResult "White resigns"]
[WhiteElo "1980"]
[BlackElo "1925"]
[Opening "Pirc defense"]
[ECO "B07"]
[NIC "PU.04"]
[Time "13:33:36"]
[TimeControl "2700+10"]

1. e4 d6 2. d4 Nf6 3. Nc3 g6 4. f3 Bg7 5. Be3 O-O 6. Qd2 a6 7. h4 h5 8.
O-O-O b5 9. Kb1 Bb7 10. Nh3 Nbd7 11. Ng5 e5 12. d5 Qe7 13. g3 Rad8 14. Bh3
Bc8 15. g4 Rfe8 16. gxh5 Nxh5 17. Bg4 Ndf6 18. Bxh5 Nxh5 19. Rdg1 Rf8 20.
Ne2 f5 21. exf5 Bxf5 22. Ng3 Nxg3 23. Rxg3 Qf6 24. Ne6 Rde8 25. Bg5 Qf7 26.
Nxg7 Qxg7 27. Bh6 Qf6 28. Bxf8 Kxf8 29. Qh6+ Ke7 30. Qg5 Rh8 31. h5 Qxg5 32.
Rxg5 Kf6 33. Rhg1 gxh5 34. Rg7 Bg4 35. Rxc7 Bxf3 36. Rc6 Rd8 37. Rc7 Bxd5
38. Rh7 Bf3 39. Rgg7 Rf8 40. Kc1 Be4 {White resigns} 0-1

[Event "ICC tourney 2093 (45 10)"]
[Site "Internet Chess Club"]
[Date "2020.10.31"]
[Round "2"]
[White "jy2020"]
[Black "Visam"]
[Result "0-1"]
[ICCResult "White resigns"]
[WhiteElo "2221"]
[BlackElo "2610"]
[Opening "Ruy Lopez: fianchetto (Smyslov/Barnes) defense"]
[ECO "C60"]
[NIC "RL.03"]
[Time "13:33:23"]
[TimeControl "2700+10"]

1. e4 e5 2. Nf3 Nc6 3. Bb5 g6 4. O-O Bg7 5. c3 Nge7 6. d4 exd4 7. cxd4 a6 8.
Ba4 b5 9. Bc2 d6 10. Nc3 Bg4 11. Be3 O-O 12. Qd2 Bxf3 13. gxf3 Qd7 14. Kg2
f5 15. Ne2 Kh8 16. h3 Ng8 17. Rac1 Nf6 18. Ng3 f4 19. Bxf4 Nxd4 20. Bd1 c5
21. Be3 a5 22. Bxd4 cxd4 23. f4 d5 24. Re1 dxe4 25. Nxe4 Nd5 26. Bg4 Qf7 27.
Kh2 Nxf4 28. Rc5 Qe7 29. Rc6 Rae8 30. Rcc1 Qb7 31. f3 Qb8 32. Kh1 h5 33. Bd7
Re7 34. Nc5 Qd6 35. Rxe7 Qxe7 36. Qe1 Qg5 37. Qg1 Qd5 38. Qf1 d3 39. Bxb5 d2
40. Rd1 Qxc5 41. Rxd2 Qe3 42. Rc2 Rd8 43. Bc6 h4 44. Be4 Nh5 45. Kg2 Qg5+
46. Kf2 Bd4+ 47. Ke1 Nf4 48. Rd2 Be3 49. Rxd8+ Qxd8 {White resigns} 0-1

[Event "ICC tourney 2093 (45 10)"]
[Site "Internet Chess Club"]
[Date "2020.10.31"]
[Round "2"]
[White "chessw23"]
[Black "kingcaleb"]
[Result "0-1"]
[ICCResult "White checkmated"]
[WhiteElo "1973"]
[BlackElo "2143"]
[Opening "French: advance, Paulsen attack"]
[ECO "C02"]
[NIC "FR.03"]
[Time "13:32:48"]
[TimeControl "2700+10"]

1. e4 e6 2. d4 d5 3. e5 c5 4. c3 Nc6 5. Nf3 Qb6 6. a3 c4 7. Nbd2 Na5 8. Qc2
Bd7 9. Be2 O-O-O 10. a4 Kb8 11. Rb1 Rc8 12. Bd1 Be7 13. O-O g5 14. Ne1 h5
15. f4 gxf4 16. Rxf4 Nh6 17. Ra1 Bg5 18. Rf3 Nf5 19. Be2 Bxd2 20. Bxd2 Nb3
21. Ra3 Rhg8 22. Rxf5 exf5 23. Bxh5 Be6 24. Be3 Qd8 25. Bd1 Ka8 26. Nf3 Qe8
27. Nh4 Qd7 28. Qf2 Rh8 29. Bxb3 cxb3 30. Nf3 Qc6 31. Nd2 Rcg8 32. g3 Rg6
33. Nxb3 Qc4 34. Nc1 f4 35. Bxf4 Bf5 36. Qe2 Qc8 37. Qf2 Be4 38. Ra1 Qh3 39.
Ne2 Rg7 40. b4 Rgh7 41. g4 Qxg4+ 42. Bg3 Rxh2 43. Qxh2 Rxh2 44. Kxh2 Qxe2+
45. Kh3 Qh5+ 46. Bh4 Qf3+ 47. Bg3 Bf5+ 48. Kh2 Qe2+ 49. Kg1 Be4 50. Bf2 Qg4+
51. Kf1 Bd3+ 52. Ke1 Qe2# {White checkmated} 0-1

[Event "ICC tourney 2093 (45 10)"]
[Site "Internet Chess Club"]
[Date "2020.10.31"]
[Round "2"]
[White "Sergeiaza"]
[Black "JasonModer"]
[Result "1/2-1/2"]
[ICCResult "Game drawn by mutual agreement"]
[WhiteElo "2632"]
[BlackElo "2515"]
[Opening "Sicilian: Kan variation"]
[ECO "B41"]
[NIC "SI.41"]
[Time "13:32:48"]
[TimeControl "2700+10"]

1. e4 c5 2. Nf3 e6 3. d4 cxd4 4. Nxd4 a6 5. Be2 Nf6 6. Nc3 Qc7 7. O-O Be7 8.
f4 d6 9. Qe1 O-O 10. Qg3 Kh8 11. Kh1 b5 12. e5 dxe5 13. fxe5 Nfd7 14. Bf3
Bb7 15. Bf4 Nc6 16. Nxc6 Bxc6 17. Ne4 Qb7 18. Rae1 Nc5 19. Nxc5 Bxc5 20.
Bxc6 Qxc6 21. Bg5 Bb6 22. Be7 Rg8 23. c3 Ra7 24. Qh4 Qd5 25. Rf3 Qd2 26.
Ref1 Bd8 27. Bxd8 Rxd8 28. h3 Rdd7 29. a4 h6 30. axb5 axb5 31. Qb4 Kg8
{Game drawn by mutual agreement}
1/2-1/2

[Event "ICC tourney 2093 (45 10)"]
[Site "Internet Chess Club"]
[Date "2020.10.31"]
[Round "2"]
[White "orenlivne"]
[Black "premierchess"]
[Result "0-1"]
[ICCResult "White resigns"]
[WhiteElo "1995"]
[BlackElo "2199"]
[Opening "English opening"]
[ECO "A30"]
[NIC "QP.11"]
[Time "13:33:36"]
[TimeControl "2700+10"]

1. Nf3 Nf6 2. c4 c5 3. Nc3 b6 4. d4 cxd4 5. Nxd4 Bb7 6. f3 Nc6 7. e4 Nxd4 8.
Qxd4 e6 9. Bg5 Bc5 10. Qd2 h6 11. Bf4 Nh5 12. Bd6 Qg5 13. Qxg5 hxg5 14. Nb5
Bc6 15. Bxc5 Bxb5 16. Be3 Bc6 17. Kf2 g4 18. Bd3 O-O-O 19. Rac1 d6 20. b4
gxf3 21. gxf3 g6 22. a4 f5 23. b5 Bb7 24. a5 f4 25. Bd4 e5 26. Bc3 g5 27.
Bb4 Nf6 28. h3 Kc7 29. Kg2 Rh5 30. a6 Bc8 31. Rh2 Rdh8 32. Rch1 Be6 33. Bf1
Kd7 34. Kg1 Rc8 35. Rc2 Ke7 36. Rd2 Ne8 37. Rc2 Nf6 38. Rd2 Rd8 39. Kg2 Ne8
40. Kf2 Rc8 41. Rc2 g4 42. fxg4 Bxg4 43. Bg2 Be6 44. Bf1 Nf6 45. Kf3 Rg5 46.
Bd3 Rg3+ 47. Ke2 Rcg8 48. Be1 Re3+ 49. Kd2 Nxe4+ 50. Bxe4 Rxe4 51. Bh4+ Kd7
52. Kd3 Bf5 {White resigns} 0-1

[Event "ICC tourney 2093 (45 10)"]
[Site "Internet Chess Club"]
[Date "2020.10.31"]
[Round "3"]
[White "icyblizzard"]
[Black "largecrab"]
[Result "1/2-1/2"]
[ICCResult "Game drawn by repetition"]
[WhiteElo "2057"]
[BlackElo "2160"]
[Opening "Sicilian: Labourdonnais-Löwenthal variation"]
[ECO "B32"]
[NIC "SI.32"]
[Time "16:01:41"]
[TimeControl "2700+10"]

1. e4 c5 2. Ne2 Nc6 3. d4 cxd4 4. Nxd4 e5 5. Nb5 Nf6 6. N1c3 d6 7. a4 a6 8.
Na3 Be6 9. Bc4 Bxc4 10. Nxc4 Rc8 11. Bg5 h6 12. Bxf6 Qxf6 13. Ne3 Nd4 14.
O-O g5 15. Rc1 h5 16. Ne2 Bh6 17. Nd5 Qg7 18. Nxd4 exd4 19. Qxh5 g4 20. Qf5
Rc6 21. Nf6+ Kf8 22. Nd7+ Ke8 23. Nf6+ Ke7 24. Nd5+ Ke8 25. Nf6+ Ke7 26.
Nd5+ Ke8 27. Nf6+ {Game drawn by repetition} 1/2-1/2

[Event "ICC tourney 2093 (45 10)"]
[Site "Internet Chess Club"]
[Date "2020.10.31"]
[Round "3"]
[White "JasonModer"]
[Black "Aleksandrov73"]
[Result "1/2-1/2"]
[ICCResult "Game drawn by mutual agreement"]
[WhiteElo "2520"]
[BlackElo "2652"]
[Opening "QGD: Ragozin variation"]
[ECO "D38"]
[NIC "NI.27"]
[Time "16:01:34"]
[TimeControl "2700+10"]

1. d4 Nf6 2. c4 e6 3. Nf3 d5 4. Nc3 Bb4 5. Qa4+ Nc6 6. e3 O-O 7. Bd2 Bd7 8.
Qc2 Re8 9. a3 Bd6 10. c5 Bf8 11. Bb5 {Game drawn by mutual agreement}
1/2-1/2

[Event "ICC tourney 2093 (45 10)"]
[Site "Internet Chess Club"]
[Date "2020.10.31"]
[Round "3"]
[White "NyzhnykIllia"]
[Black "Dking135799"]
[Result "1-0"]
[ICCResult "Black resigns"]
[WhiteElo "2717"]
[BlackElo "2255"]
[Opening "Queen's pawn game"]
[ECO "A46"]
[NIC "QP.05"]
[Time "16:01:46"]
[TimeControl "2700+10"]

1. d4 Nf6 2. Nf3 e6 3. Bf4 d5 4. e3 Bd6 5. Nbd2 O-O 6. c3 c5 7. Bg3 b6 8.
Ne5 Bb7 9. Bd3 Nc6 10. f4 Ne7 11. Qb1 Ng6 12. h4 Bxe5 13. fxe5 Ne4 14. Nxe4
dxe4 15. Bxe4 Bxe4 16. Qxe4 Ne7 17. h5 h6 18. Bh4 Qd7 19. g4 Qd5 20. Qxd5
Nxd5 21. Ke2 c4 22. e4 Nf4+ 23. Kd2 b5 24. Raf1 Nd3 25. b3 a5 26. g5 hxg5
27. Bxg5 Kh7 28. h6 g6 29. Be7 a4 30. b4 Rae8 31. Bxf8 Rxf8 32. Ke3 a3 33.
Rf6 Nb2 34. d5 exd5 35. exd5 Nd3 36. Kd4 Kg8 37. e6 g5 38. Rxf7 Rd8 39. h7+
Kh8 40. e7 {Black resigns} 1-0

[Event "ICC tourney 2093 (45 10)"]
[Site "Internet Chess Club"]
[Date "2020.10.31"]
[Round "3"]
[White "premierchess"]
[Black "kurumania"]
[Result "0-1"]
[ICCResult "White resigns"]
[WhiteElo "2190"]
[BlackElo "2522"]
[Opening "Sicilian: Najdorf, Byrne (English) attack"]
[ECO "B90"]
[NIC "SI.14"]
[Time "16:02:24"]
[TimeControl "2700+10"]

1. e4 c5 2. Nf3 d6 3. d4 cxd4 4. Nxd4 Nf6 5. Nc3 a6 6. Be3 e5 7. Nb3 Be6 8.
f4 exf4 9. Bxf4 Nc6 10. Qe2 Be7 11. h3 Ne5 12. O-O-O Nfd7 13. Nd5 Bxd5 14.
exd5 O-O 15. Kb1 Qc7 16. g4 Rfc8 17. Nd4 Bf8 18. g5 Nb6 19. Bxe5 dxe5 20.
Nf5 Na4 21. d6 Qb6 {White resigns} 0-1

[Event "ICC tourney 2093 (45 10)"]
[Site "Internet Chess Club"]
[Date "2020.10.31"]
[Round "3"]
[White "Visam"]
[Black "GeorgeDai"]
[Result "1-0"]
[ICCResult "Black resigns"]
[WhiteElo "2593"]
[BlackElo "1984"]
[Opening "Réti opening"]
[ECO "A05"]
[NIC "QP.11"]
[Time "16:02:16"]
[TimeControl "2700+10"]

1. Nf3 Nf6 2. g3 d5 3. Bg2 c6 4. O-O g6 5. b3 Bg7 6. Bb2 O-O 7. c4 Bf5 8. d3
Nbd7 9. Nd4 e5 10. Nxf5 gxf5 11. Bh3 Ng4 12. e4 Qg5 13. exf5 Nh6 14. Nc3 Nb6
15. Bc1 Qf6 16. Qh5 e4 17. dxe4 dxc4 18. Bb2 Kh8 19. Nd1 Qd6 20. f6
{Black resigns}
1-0

[Event "ICC tourney 2093 (45 10)"]
[Site "Internet Chess Club"]
[Date "2020.10.31"]
[Round "3"]
[White "e4f5"]
[Black "drberkley"]
[Result "1-0"]
[ICCResult "Black resigns"]
[WhiteElo "2221"]
[BlackElo "1913"]
[Opening "Pirc: classical system, 5.Be2"]
[ECO "B08"]
[NIC "PU.01"]
[Time "16:01:32"]
[TimeControl "2700+10"]

1. e4 d6 2. d4 Nf6 3. Nc3 g6 4. Nf3 Bg7 5. Be2 O-O 6. O-O Bg4 7. Be3 Nc6 8.
d5 Nb8 9. Nd4 Bxe2 10. Qxe2 Qd7 11. h3 e6 12. dxe6 fxe6 13. Rad1 Nc6 14. Nf3
Qe7 15. e5 dxe5 16. Qb5 Rfb8 17. Nxe5 Nxe5 18. Qxe5 Ng4 19. Qg5 Qxg5 20.
Bxg5 Nf6 21. Rfe1 Re8 22. Bxf6 Bxf6 23. Ne4 Kf7 24. Re3 Rad8 25. Rxd8 Bxd8
26. Rd3 Bf6 27. Rf3 {Black resigns} 1-0

[Event "ICC tourney 2093 (45 10)"]
[Site "Internet Chess Club"]
[Date "2020.10.31"]
[Round "3"]
[White "needGodcom"]
[Black "IndianTerritory"]
[Result "0-1"]
[ICCResult "White checkmated"]
[WhiteElo "1992"]
[BlackElo "2079"]
[Opening "QGD semi-Slav: Romih variation"]
[ECO "D46"]
[NIC "SL.08"]
[Time "16:02:24"]
[TimeControl "2700+10"]

1. d4 c6 2. c4 d5 3. Nc3 Nf6 4. e3 e6 5. Nf3 Nbd7 6. Bd3 Bb4 7. Qc2 O-O 8.
Bd2 b6 9. cxd5 cxd5 10. h4 Re8 11. Ne5 Qc7 12. f4 Bb7 13. g4 Rec8 14. g5
Nxe5 15. fxe5 Ne4 16. Bxe4 dxe4 17. a3 Be7 18. Qd1 Qc4 19. Rc1 Qd3 20. Qg4
Rc7 21. h5 Ba6 22. g6 Rf8 23. gxh7+ Kh8 24. Rg1 g5 25. Rd1 f5 26. Qg2 Rxc3
27. bxc3 g4 28. Rh1 f4 29. Bc1 Qxc3+ 30. Qd2 Bh4+ 31. Rxh4 fxe3 32. Rh1
exd2+ 33. Bxd2 Qg3# {White checkmated} 0-1

[Event "ICC tourney 2093 (45 10)"]
[Site "Internet Chess Club"]
[Date "2020.10.31"]
[Round "3"]
[White "jsl1996"]
[Black "TjkTiger"]
[Result "1/2-1/2"]
[ICCResult "Game drawn by repetition"]
[WhiteElo "2655"]
[BlackElo "2603"]
[Opening "Grünfeld: modern exchange variation"]
[ECO "D85"]
[NIC "GI.04"]
[Time "16:03:43"]
[TimeControl "2700+10"]

1. d4 Nf6 2. c4 g6 3. Nc3 d5 4. cxd5 Nxd5 5. e4 Nxc3 6. bxc3 Bg7 7. Nf3 c5
8. Bb5+ Nc6 9. O-O O-O 10. Be3 Bg4 11. Bxc6 bxc6 12. Rc1 Qa5 13. Qc2 Bxf3
14. gxf3 cxd4 15. cxd4 Qh5 16. Kg2 Bh6 17. Bxh6 Qxh6 18. Qxc6 Qg5+ 19. Kh1
Rac8 20. Qxc8 Rxc8 21. Rxc8+ Kg7 22. Rd1 Qh4 23. Rc2 Qh3 24. Rc3 Qh4 25. Rd2
h5 26. Re3 Qh3 27. Kg1 h4 28. d5 Qc8 29. Kf1 Qh3+ 30. Ke2 Qxh2 31. e5 Qf4
32. Re4 Qg5 33. d6 exd6 34. exd6 h3 35. d7 h2 36. d8=Q Qxd8 37. Rxd8 h1=Q
38. Rd7 Qb1 39. a4 a5 40. Ra7 Qb6 41. Rae7 Qa6+ 42. Ke1 Qf6 43. f4 Qa1+ 44.
Ke2 Qb2+ 45. Kf1 Qb1+ 46. Kg2 Qd1 47. Kg3 Qg1+ 48. Kf3 Qd1+ 49. Kg3 Kh6 50.
R7e5 f5 51. Re2 Qg1+ 52. Kf3 Qh1+ 53. Ke3 Qc1+ 54. Kf3 Qh1+ 55. Ke3 Qc1+ 56.
Kf3 Qh1+ {Game drawn by repetition} 1/2-1/2

[Event "ICC tourney 2093 (45 10)"]
[Site "Internet Chess Club"]
[Date "2020.10.31"]
[Round "3"]
[White "funplaychess"]
[Black "Sergeiaza"]
[Result "0-1"]
[ICCResult "White resigns"]
[WhiteElo "2334"]
[BlackElo "2684"]
[Opening "Catalan: open, 5.Nf3"]
[ECO "E04"]
[NIC "CA.03"]
[Time "16:02:01"]
[TimeControl "2700+10"]

1. d4 Nf6 2. c4 e6 3. g3 d5 4. Bg2 dxc4 5. Nf3 a6 6. O-O Nc6 7. e3 Bd7 8.
Nc3 Bd6 9. a4 Rb8 10. Qe2 b5 11. e4 e5 12. Rd1 Bg4 13. dxe5 Nxe5 14. Bf4
Nfd7 15. h3 Bxf3 16. Bxf3 O-O 17. axb5 axb5 18. Ra5 b4 19. Bxe5 Nxe5 20.
Rxe5 bxc3 21. bxc3 Bxe5 22. Rxd8 Rfxd8 23. Qxc4 Rd2 24. Kg2 Rbb2 25. Qc5 Bd4
26. Qxd4 Rxd4 27. cxd4 Rd2 28. d5 f6 29. Kf1 Kf7 30. Ke1 Rb2 31. Be2 Ke7 32.
f3 Kd6 33. Kf2 Rb3 34. h4 Kc5 35. Bd1 Ra3 36. Kg2 Kd4 37. Kh3 Ke3 38. f4 Ra1
39. Bc2 Kf3 40. Kh2 Ra2 {White resigns} 0-1

[Event "ICC tourney 2093 (45 10)"]
[Site "Internet Chess Club"]
[Date "2020.10.31"]
[Round "3"]
[White "brilliantnessme"]
[Black "RogerZ"]
[Result "1-0"]
[ICCResult "Black resigns"]
[WhiteElo "1993"]
[BlackElo "1945"]
[Opening "Ruy Lopez: 5.O-O"]
[ECO "C78"]
[NIC "RL.12"]
[Time "16:01:32"]
[TimeControl "2700+10"]

1. e4 e5 2. Nf3 Nc6 3. Bb5 a6 4. Ba4 Nf6 5. O-O b5 6. Bb3 Bc5 7. c3 d6 8. a4
Rb8 9. d4 Bb6 10. a5 Ba7 11. Be3 Bg4 12. Nbd2 O-O 13. h3 Bh5 14. dxe5 dxe5
15. Bxa7 Nxa7 16. g4 Bg6 17. Nxe5 Nxe4 18. Nxg6 Nxd2 19. Nxf8 Kxf8 20. Re1
Nc6 21. Re2 Nf3+ 22. Kg2 Qf6 23. Qd5 Nce5 24. Re3 Nh4+ 25. Kf1 Nef3 26. Rd1
h6 27. Qc5+ Kg8 28. Qxc7 Rf8 29. Qg3 Kh8 30. Bd5 Rd8 31. Bxf3 Rxd1+ 32. Bxd1
Ng6 33. Bc2 Qc6 34. Qf3 Qc4+ 35. Qe2 Qc6 36. Re8+ Kh7 37. Qe4 Qf6 38. Qa8
{Black resigns}
1-0

[Event "ICC tourney 2093 (45 10)"]
[Site "Internet Chess Club"]
[Date "2020.10.31"]
[Round "3"]
[White "bishoboo"]
[Black "Singireddy"]
[Result "0-1"]
[ICCResult "White resigns"]
[WhiteElo "1959"]
[BlackElo "2118"]
[Opening "King's Indian: Sämisch, 5...O-O"]
[ECO "E81"]
[NIC "KI.51"]
[Time "16:01:46"]
[TimeControl "2700+10"]

1. d4 Nf6 2. c4 g6 3. f3 Bg7 4. e4 d6 5. Nc3 O-O 6. Bg5 Nbd7 7. Qd2 c5 8. d5
a6 9. Bd3 Ne5 10. Nge2 Nfd7 11. O-O Nxd3 12. Qxd3 Ne5 13. Qc2 Nxc4 14. a4
Bd7 15. b3 Na5 16. Rab1 h6 17. Be3 Rc8 18. Qd2 Kh7 19. f4 c4 20. b4 Nb3 21.
Qc2 f5 22. Ng3 fxe4 23. a5 Bf5 24. Ncxe4 Qd7 25. Rf2 Nd4 26. Qd1 Nb5 27. Rc1
e6 28. Nxf5 exf5 29. Ng3 c3 30. Ne2 Rfe8 31. Qd3 Qe7 32. Rf3 Qe4 33. Qxe4
Rxe4 34. Rb1 c2 35. Rb3 Nd4 {White resigns} 0-1

[Event "ICC tourney 2093 (45 10)"]
[Site "Internet Chess Club"]
[Date "2020.10.31"]
[Round "3"]
[White "JQX2019"]
[Black "Chessking2008"]
[Result "0-1"]
[ICCResult "White resigns"]
[WhiteElo "1870"]
[BlackElo "2179"]
[Opening "Benoni: 6.e4"]
[ECO "A65"]
[NIC "BI.38"]
[Time "16:01:58"]
[TimeControl "2700+10"]

1. d4 Nf6 2. c4 c5 3. d5 e6 4. Nc3 exd5 5. cxd5 d6 6. e4 g6 7. Bd3 Bg7 8. h3
O-O 9. Nf3 b5 10. Nxb5 Re8 11. Nc3 Nxe4 12. Nxe4 f5 13. Ng5 fxe4 14. Bc4
Bxb2 15. Ne6 Bc3+ 16. Bd2 Qf6 17. Rc1 Bxd2+ 18. Qxd2 Re7 19. Qa5 Bxe6 20.
Qd8+ Qf8 21. Qxf8+ Kxf8 22. dxe6 Nc6 23. Bd5 Rc8 24. Kd2 Nb4 25. Bxe4 Rxe6
26. Bf3 Re5 27. a3 Nc6 28. Bxc6 Rxc6 29. Rb1 Ra6 30. Rb3 c4 31. Rf3+ Kg7 32.
Rb1 Rb6 33. Rxb6 axb6 34. Kc3 b5 35. Kd4 Rc5 36. g4 g5 37. Kc3 Rd5 38. Re3
Kf6 39. Rf3+ Ke6 40. Re3+ Kd7 41. Rf3 Rd3+ 42. Rxd3 cxd3 43. Kxd3 d5 44. Ke3
Kd6 45. Kd4 Kc6 46. f3 Kd6 47. Kd3 Ke5 48. Ke3 d4+ 49. Kd3 Kd5 50. Kd2 Kc4
51. Kc2 d3+ 52. Kb2 Kd4 53. Kc1 Ke3 54. Kd1 Kxf3 55. Kd2 Ke4 56. Kd1 Ke3 57.
Ke1 d2+ 58. Kd1 Kd3 59. a4 bxa4 60. h4 a3 61. h5 a2 {White resigns} 0-1

[Event "ICC tourney 2093 (45 10)"]
[Site "Internet Chess Club"]
[Date "2020.10.31"]
[Round "3"]
[White "aplusk"]
[Black "Frolik67"]
[Result "1-0"]
[ICCResult "Black checkmated"]
[WhiteElo "2592"]
[BlackElo "2226"]
[Opening "Queen's pawn"]
[ECO "A40"]
[NIC "QO.17"]
[Time "16:02:24"]
[TimeControl "2700+10"]

1. d4 e6 2. Bf4 d5 3. e3 f5 4. c4 c6 5. Nc3 Nf6 6. Nf3 Bd6 7. c5 Bc7 8. h4
b6 9. b4 bxc5 10. Bxc7 Qxc7 11. bxc5 Ne4 12. Rc1 O-O 13. Bd3 Ba6 14. Bxa6
Nxa6 15. Qa4 Nb8 16. O-O Nd7 17. Ne2 Rab8 18. Nf4 Kf7 19. Nd3 Rfc8 20. Qa6
Qb7 21. Qxb7 Rxb7 22. Rb1 Rbc7 23. Rb3 Ke7 24. Rfb1 Kd8 25. R1b2 Nef6 26. a4
Ke7 27. a5 Ng4 28. Rb7 Rxb7 29. Rxb7 Rb8 30. Rxb8 Nxb8 31. Nb4 Kd7 32. Kf1
h6 33. Ke2 Kc7 34. Ne1 Nd7 35. f3 Ngf6 36. Ned3 g5 37. Kf2 Ng8 38. Kg3 Ne7
39. hxg5 hxg5 40. f4 g4 41. Kh4 Nf6 42. Nf2 Ne4 43. Nxe4 dxe4 44. Kg5 Kd7
45. Kf6 Ng8+ 46. Kf7 Ne7 47. g3 a6 48. Kf6 Ng8+ 49. Kg7 Ne7 50. Kf7 Nc8 51.
Nxa6 Na7 52. Nb4 Nb5 53. a6 Na7 54. Nc2 Nb5 55. Na1 Na7 56. Nb3 Nb5 57. Na5
Na7 58. Nc4 Nb5 59. Nb6+ Kc7 60. Kxe6 Nxd4+ 61. Ke5 Nb3 62. a7 Nxc5 63. a8=Q
Kxb6 64. Kxf5 Kc7 65. Kxg4 Nd7 66. Kh4 Kd6 67. g4 Nc5 68. g5 Ne6 69. g6 Ng7
70. Qf8+ Ke6 71. Qxg7 c5 72. Qf7+ Kd6 73. g7 c4 74. g8=Q Kc5 75. Qd8 Kb4 76.
Qd4 Ka3 77. Qc3+ Ka2 78. Qfxc4+ Kb1 79. Q4b3# {Black checkmated} 1-0